 Dungeon Crawl Stone Soup version 0.30-a0-377-g5cb311bc9f (webtiles) character file.

Game seed: 3080913223184394331

73 bande the Trooper (level 4, -6/29 HPs)
             Began as a Gargoyle Fighter on Nov 28, 2022.
             Mangled by Crazy Yiuf
             ... wielding a +4 quarterstaff of chaos
              (13 damage)
             ... on level 2 of the Dungeon.
             The game lasted 00:02:21 (1896 turns).

bande the Trooper (Gargoyle Fighter)                Turns: 1896, Time: 00:02:23

Health: -6/29      AC: 13    Str: 19    XL:     4   Next: 27%
Magic:  1/4        EV:  7    Int:  9    God:
Gold:   63         SH:  4    Dex: 11    Spells: 3/3 levels left

rFire   . . .      SeeInvis .    a - +0 war axe
rCold   . . .      Faith    .    c - +0 buckler
rNeg    + . .      Spirit   .    p - +0 chain mail
rPois   ∞          Reflect  .    (no helmet)
rElec   +          Harm     .    (no cloak)
rCorr   .          Rampage  .    (no gloves)
Will    .....                    (no boots)
Stlth   ..........               (no amulet)
HPRegen 0.24/turn                (no ring)
MPRegen 0.09/turn                (no ring)

@: mighty
A: sickness immunity, AC +3, negative energy resistance 1, electricity
resistance, torment resistance 1, petrification resistance
a: no special abilities


You were on level 2 of the Dungeon.
You visited 1 branch of the dungeon, and saw 2 of its levels.

You collected 63 gold pieces.

Inventory:

Hand Weapons
 a - a +0 war axe (weapon)
Armour
 c - a +0 buckler (worn)
 p - a +0 chain mail (worn)
Scrolls
 f - a scroll of immolation {unknown}
 h - a scroll of teleportation {unknown}
 j - a scroll of magic mapping {unknown}
 k - a scroll of amnesia {unknown}
 l - 4 scrolls of identify {unknown}
 r - 3 scrolls of poison {unknown}
Potions
 b - a potion of magic {unknown}
 d - a potion of might
 e - 2 potions of ambrosia {unknown}
 g - a potion of resistance {unknown}
 i - 2 potions of lignification {unknown}
 m - 2 potions of curing {unknown}
 n - a potion of cancellation {unknown}
 o - a potion of flight {unknown}
 q - 2 potions of mutation {unknown}


   Skills:
 + Level 4.0 Fighting
 + Level 2.7 Axes
 + Level 3.8 Armour
 + Level 3.6 Shields


You had 3 spell levels left.
You didn't know any spells.
Your spell library was empty.

Dungeon Overview and Level Annotations

Branches:
Dungeon (2/15)

Altars:

Shops:
D:2 [

Annotations:
D:2 Crazy Yiuf


Innate Abilities, Weirdness & Mutations

You are immune to sickness and miasma.
Your stone body is resilient. (AC +3)
You are immune to poison.
You resist negative energy. (rN+)
You are resistant to electric shocks. (rElec)
You are resistant to unholy torment.
You are immune to petrification.


Message History

q - 2 bubbling sapphire potions (gained 1)
You now have 63 gold pieces (gained 5).
Found a hammer.
Found a runed translucent door.
Crazy Yiuf shouts!
Crazy Yiuf yells, "Rifle tired shoe!"
You see here a +0 leather armour.
Key pressed, stopping explore.
A goblin comes into view. It is wielding a +0 club.
The goblin shouts!
A goblin is nearby!
The goblin hits you but does no damage.
You slash the goblin!
You kill the goblin!
No target in view!
No target in view!
No target in view!
No target in view!
No target in view!
You see here a +0 club.
Crazy Yiuf shouts!
Key pressed, stopping explore.
Could not explore, unopened runed door.
No reachable target in view!
You open the door. You hit Crazy Yiuf but do no damage.
Crazy Yiuf hits you with a +4 quarterstaff of chaos!
You feel very mighty all of a sudden. You block Crazy Yiuf's attack.
You slash Crazy Yiuf!
Crazy Yiuf is heavily wounded.
Crazy Yiuf hits you with a +4 quarterstaff of chaos.
Crazy Yiuf freezes you.
You closely miss Crazy Yiuf.
Crazy Yiuf is heavily wounded.
Crazy Yiuf laughs, "Pitchfork action cower!"
Crazy Yiuf hits you with a +4 quarterstaff of chaos.
* * * LOW HITPOINT WARNING * * *
You feel your power leaking away.
Crazy Yiuf hits you with a +4 quarterstaff of chaos!
You die...

........#
#...>............###.
###.###.#
###...#.###..#####.#.
....# #.# #...#.#
#..# #... ###.# #.#
####### ########.#.
#.###.## #......#.
#......#
♣♣♣♣♣##.####.#.
###.###..# ###
♣♣♣.♣...#..# #.#.
....# ####
#...#♣..♣.PP....#
#.#. #####
#...g@♣♣♣♣......#
#.#. ##########
#)..#♣♣ ♣♣..#.## ###.
.........# ### ♣♣####
#. .........# #.
########## ########.
##........ #.#######.
#.# ## ###


You could see Crazy Yiuf.

Vanquished Creatures
  An adder (D:2)
  A worm (D:2)
  2 dart slugs (D:2)
  3 bats
  2 endoplasms (D:2)
  2 giant cockroaches (D:1)
  5 goblins
  9 hobgoblins
  8 jackals
  A kobold (D:2)
  3 quokkas
  3 ball pythons
  5 frilled lizards
  4 rats
49 creatures vanquished.

Notes
Turn   | Place    | Note
-------+----------+-------------------------------------------
     0 | D:1      | bande the Gargoyle Fighter began the quest for the Orb.
     0 | D:1      | Reached XP level 1. HP: 14/14 MP: 1/1
   101 | D:1      | Reached XP level 2. HP: 13/20 MP: 2/2
   650 | D:1      | Reached XP level 3. HP: 24/24 MP: 3/3
  1005 | D:2      | Found Hierargh's Armour Emporium.
  1189 | D:2      | Reached skill level 4 in Fighting
  1277 | D:2      | Reached XP level 4. HP: 26/29 MP: 4/4
  1502 | D:2      | Found a runed translucent door.
  1503 | D:2      | Noticed Crazy Yiuf
  1896 | D:2      | Mangled by Crazy Yiuf

Illustrated notes

Levels and vault maps discovered:
D:1:      dpeg_arrival_pits, layout_basic, serial_co_window_serial,
          co_window_paths_b, co_window_paths_a, co_window_paths_a,
          co_window_of_opportunity_a, co_window_paths_b, co_window_corner_ca,
          co_window_unsneaky_path_d, co_window_of_opportunity_b,
          co_window_unsneaky_path_b, co_window_4corner_b, glass_columns_a,
          glass_columns_b, glass_columns_b, minmay_3d_cube
D:2:      layout_basic, serial_shops, shop, uniq_crazy_yiuf_cottage

Skill      XL: |  1  2  3 |
---------------+----------+-----
Axes           | 2 |  2.7
Fighting       | 4 |  4.0
Armour         | |  3.8
Shields        | |  3.6

Action                   |  1- 3 |  4- 6 || total
-------------------------+-------+-------++-------
Melee: War axe           |    97 |    17 ||   114
Armor: Scale mail        |    27 |       ||    27
       Chain mail        |    37 |    11 ||    48
Dodge: Dodged            |    56 |     5 ||    61
Block: Buckler           |    28 |     2 ||    30

Table legend: (Time is in decaauts)
 A = Elapsed time spent in this place.
 B = Non-inter-level travel time spent in this place.
 C = Inter-level travel time spent in this place.
 D = Time resting spent in this place.
 E = Time spent auto-exploring this place.
 F = Levels seen in this place.
 G = Mean time per level.
                   A        B        C        D        E       F      G
               +--------+--------+--------+--------+--------+-----+--------+
         Total |   1945 |   1891 |     54 |      0 |   1553 |   2 |  972.5 |
       Dungeon |   1945 |   1891 |     54 |      0 |   1553 |   2 |  972.5 |
               +--------+--------+--------+--------+--------+-----+--------+

Top non-repeatable levels by time:
     D:1: 1031 daAuts
     D:2: 914 daAuts
